 Dungeon Crawl Stone Soup version 0.26-a0-520-g952f204493 (webtiles) character file.

Game seed: 7726139126433656890

4484 ANON1729 the Spear-Bearer (level 10, -2/79 HPs)
             Began as a Merfolk Gladiator on Aug 12, 2020.
             Was a Priest of Fedhas.
             Slain by a two-headed ogre
             ... wielding a +0 giant club
              (22 damage)
             ... on level 8 of the Dungeon.
             The game lasted 00:20:21 (11388 turns).

ANON1729 the Spear-Bearer (Merfolk Gladiator)      Turns: 11388, Time: 00:20:22

Health: -2/79      AC:  6    Str: 17    XL:     10   Next: 38%
Magic:  13/13      EV: 19    Int:  8    God:    Fedhas [***...]
Gold:   541        SH:  5    Dex: 16    Spells: 9/9 levels left

rFire    . . .     SeeInvis .   a - +0 trident
rCold    . . .     Faith    .   D - +0 buckler (curse)
rNeg     . . .     Spirit   .   b - +0 leather armour
rPois    .         Reflect  .   c - +0 helmet
rElec    .         Harm     .   (no cloak)
rCorr    .                      s - +0 pair of gloves
MR       +....                  f - +0 pair of boots
Stlth    +.........             (no amulet)
HPRegen  0.23/turn              v - ring of protection from magic
MPRegen  0.13/turn              (no ring)

@: no status effects
A: change form in water, swift swim, stealthy swim
a: Wall of Briars, Grow Ballistomycete, Renounce Religion


You were on level 8 of the Dungeon.
You worshipped Fedhas.
Fedhas was most pleased with you.
You visited 2 branches of the dungeon, and saw 10 of its levels.
You also visited: Sewer.

You collected 541 gold pieces.

Inventory:

Hand Weapons
 a - a +0 trident (weapon)
 y - the +3 quarterstaff of Putrescence {holy, rPois rC++ Int+3 Stlth-}
   (You found it on level 4 of the Dungeon)

   It has been blessed by the Shining One to cause great damage to the undead
   and demons.
   It affects your intelligence (+3).
   It greatly protects you from cold.
   It protects you from poison.
   It makes you less stealthy.
Missiles
 d - 3 throwing nets
 k - 10 boomerangs (quivered)
 H - 4 javelins
Armour
 b - a +0 leather armour (worn)
 c - a +0 helmet (worn)
 f - a +0 pair of boots (worn)
 s - a +0 pair of gloves (worn)
 D - a cursed +0 buckler (worn)
Jewellery
 h - an uncursed ring of ice
 v - a ring of protection from magic (left hand)
Scrolls
 g - 2 scrolls of immolation
 i - 6 scrolls of remove curse
 l - 7 scrolls of teleportation
 q - 3 scrolls of magic mapping
 t - 5 scrolls of enchant armour {unknown}
 w - 4 scrolls of identify
 x - a scroll of blinking {unknown}
 B - a scroll of fear {unknown}
 C - 2 scrolls of random uselessness {unknown}
 E - 2 scrolls of amnesia {unknown}
 G - a scroll of fog {unknown}
Potions
 e - a potion of flight
 j - a potion of cancellation {unknown}
 m - a potion of invisibility {unknown}
 n - 5 potions of stabbing
 o - 3 potions of curing
 p - 3 potions of heal wounds
 r - 3 potions of magic {unknown}
 u - 3 potions of mutation {unknown}
 z - a potion of haste {unknown}
 A - a potion of brilliance {unknown}
 F - a potion of might {unknown}


   Skills:
 + Level 7.6 Fighting
 + Level 10.4 Polearms
 + Level 7.0 Throwing
 + Level 9.7 Dodging
 - Level 4.0 Shields
 * Level 5.0 Invocations


You had 9 spell levels left.
You didn't know any spells.
Your spell library contained the following spells:

 Spells                   Type           Power        Failure   Level
 Magic Dart               Conj           #...         47%         1
 Blink                    Tloc           N/A          63%         2
 Call Imp                 Summ           #.......     63%         2
 Slow                     Hex            #.......     63%         2
 Conjure Flame            Conj/Fire      #.......     85%         3
 Mephitic Cloud           Conj/Pois/Air  #.......     85%         3


Dungeon Overview and Level Annotations

Branches:
Dungeon (9/15)             Temple (1/1) D:4           Sewer (visited)
   Lair: D:8-11         Orc: D:9-12

Altars:
Ashenzari
Cheibriados
Dithmenos
Elyvilon
Fedhas
Gozag
Hepliaklqana
Makhleb
Nemelex Xobeh
Okawaru
Qazlal
Ru
Sif Muna
Trog
Uskayaw
Vehumet
Wu Jian
Xom
Yredelemnul
Zin
The Shining One

Shops:
D:8 =

Annotations:
D:5 1 runed translucent door, fly's ghost, weakling FoDe


Message History

You barely miss the two-headed ogre.
The two-headed ogre is lightly wounded.
The two-headed ogre completely misses you.
The two-headed ogre misses you.
You puncture the two-headed ogre!
The two-headed ogre is moderately wounded.
The two-headed ogre hits you with a +0 giant club!
You block the two-headed ogre's attack.
You hit the two-headed ogre.
The two-headed ogre is moderately wounded.
The two-headed ogre closely misses you. The two-headed ogre barely misses you.
You puncture the two-headed ogre!
The two-headed ogre is moderately wounded.
You barely miss the two-headed ogre.
The two-headed ogre is moderately wounded.
The two-headed ogre hits you with a +0 giant club!!
* * * LOW HITPOINT WARNING * * *
The two-headed ogre hits you with a +0 giant club!!
You die...
Fedhas appreciates your contribution to the ecosystem.

### .. # #############
# .# #.........O.# ##.#
#.#########@# (..###.#
#.# .......# #.#
...##### #.# ##.##
#.###### #...##
#......###### K....#
##..........# #...##
#.###.####.#
#..##############.###.#
#.#


You could see a two-headed ogre.

Vanquished Creatures
  A two-headed ogre (D:7)
  Prince Ribbit (D:7)
  A hippogriff (D:8)
  A wyvern (D:9)
  A sky beast (D:7)
  An orc warrior (D:9)
  4 phantoms
  2 black bears (D:8)
  3 ice beasts
  2 ogres
  5 centaurs
  2 big kobolds (D:7)
  5 bullfrogs
  A scorpion (D:5)
  3 killer bees (D:8)
  A bullfrog zombie (D:8)
  5 hounds
  7 orc wizards
  3 orc priests
  A centaur skeleton (D:7)
  A jelly (D:8)
  A bullfrog skeleton (D:5)
  Jessica (D:8)
  4 iguanas
  Natasha (twice) (D:3)
  3 worker ants
  2 hound skeletons
  10 adders
  3 gnolls (D:4)
  A river rat (D:5)
  A shadow imp (D:6)
  2 white imps
  2 ufetubi
  An ooze (D:1)
  2 adder zombies
  An adder skeleton (D:8)
  5 worms
  5 dart slugs
  A leopard gecko (D:4)
  27 orcs
  9 ball pythons
  5 giant cockroaches
  14 goblins
  8 hobgoblins
  15 jackals
  13 kobolds
  6 quokkas
  13 bats
  13 frilled lizards
  A leopard gecko zombie (D:6)
  10 rats
232 creatures vanquished.

Vanquished Creatures (collateral kills)
  A killer bee (D:9)
  An orc wizard (D:9)
  2 orcs (D:9)
4 creatures vanquished.

Grand Total: 236 creatures vanquished

Notes
Turn   | Place    | Note
-------+----------+-------------------------------------------
     0 | D:1      | ANON1729 the Merfolk Gladiator began the quest for the Orb.
     0 | D:1      | Reached XP level 1. HP: 16/16 MP: 1/1
    38 | D:1      | Reached XP level 2. HP: 22/23 MP: 2/2
   276 | D:1      | Reached XP level 3. HP: 26/28 MP: 3/3
   852 | D:2      | Reached skill level 5 in Polearms
  1264 | D:2      | Reached XP level 4. HP: 29/34 MP: 4/4
  1765 | D:2      | Found a glowing silver altar of Zin.
  1863 | D:2      | Found a sparkling altar of Nemelex Xobeh.
  2235 | D:3      | Noticed Natasha
  2299 | D:3      | Reached skill level 5 in Dodging
  2567 | D:3      | Reached XP level 5. HP: 41/41 MP: 5/5
  2583 | D:3      | Killed Natasha
  3054 | D:3      | Noticed Natasha
  3070 | D:3      | Killed Natasha
  3070 | D:3      | Reached skill level 6 in Polearms
  3070 | D:3      | Reached XP level 6. HP: 21/48 MP: 6/6
  3256 | D:3      | Found a shadowy altar of Dithmenos.
  3691 | D:4      | Found a sacrificial altar of Ru.
  4069 | D:4      | Found a staircase to the Ecumenical Temple.
  4113 | D:4      | Got a pitted quarterstaff
  4122 | D:4      | Identified the cursed +3 quarterstaff of Putrescence {holy,
                  | rPois rC++ Int+3 Stlth-} (You found it on level 4 of the
                  | Dungeon)
  4134 | Temple   | Entered the Ecumenical Temple
  4199 | Temple   | Became a worshipper of Fedhas Madash
  4374 | D:4      | Found a snail-covered altar of Cheibriados.
  4375 | D:4      | Found a shadowy altar of Dithmenos.
  4375 | D:4      | Found a bloodstained altar of Trog.
  4375 | D:4      | Found a hide-covered altar of Uskayaw.
  4398 | D:4      | Found a shimmering altar of Xom.
  4398 | D:4      | Found an ornate altar of the Wu Jian Council.
  4482 | D:4      | Reached XP level 7. HP: 29/54 MP: 7/7
  4736 | D:5      | Entered Level 5 of the Dungeon
  4759 | D:5      | Found a glowing drain.
  4767 | D:5      | Reached skill level 7 in Polearms
  4802 | Sewer    | Entered a sewer
  4928 | Sewer    | Reached * piety under Fedhas
  5271 | D:5      | Reached skill level 5 in Fighting
  5307 | D:5      | Found a runed translucent door.
  5307 | D:5      | Noticed fly's ghost (weakling FoDe)
  5507 | D:5      | Reached XP level 8. HP: 35/62 MP: 8/8
  5710 | D:5      | Reached skill level 1 in Shields
  6273 | D:6      | Reached skill level 8 in Polearms
  6273 | D:6      | Reached skill level 5 in Throwing
  7286 | D:7      | Reached ** piety under Fedhas
  7451 | D:7      | Noticed Prince Ribbit
  7460 | D:7      | Killed Prince Ribbit
  7592 | D:7      | Reached XP level 9. HP: 57/69 MP: 9/9
  7774 | D:7      | Reached skill level 9 in Polearms
  8427 | D:7      | Found a radiant altar of Vehumet.
  8615 | D:8      | Noticed a two-headed ogre
  8633 | D:8      | Found a basalt altar of Yredelemnul.
  8640 | D:9      | HP: 3/71 [poisoned by a killer bee]
  8964 | D:9      | Reached skill level 1 in Invocations
 10484 | D:8      | Noticed Jessica
 10492 | D:8      | Killed Jessica
 10492 | D:8      | Reached XP level 10. HP: 79/79 MP: 12/12
 10495 | D:8      | Found a shimmering blue altar of Sif Muna.
 10528 | D:8      | Reached skill level 10 in Polearms
 10555 | D:8      | Noticed a two-headed ogre
 10567 | D:8      | HP: 3/79 [orc priest/divine providence (12)]
 10948 | D:7      | Killed a two-headed ogre
 11185 | D:8      | Reached *** piety under Fedhas
 11238 | D:8      | Found Iwnumita's Jewellery Shoppe.
 11328 | D:8      | Reached skill level 5 in Invocations
 11388 | D:8      | Slain by a two-headed ogre

Illustrated notes

Levels and vault maps discovered:
D:1:      eino_arrival_tree_alley, layout_basic, minmay_tetromino_o4
D:2:      layout_basic, lemuel_doored_altar, old_standard_altar,
          minmay_pentomino_pile
D:3:      layout_basic, hangedman_decor_peaks_small, serial_bayou_ford_a,
          grunt_dithmenos_smoke_and_mirrors, uniq_natasha
D:4:      layout_rooms, minmay_overflow_temple_hex,
          minmay_temple_entry_offerings, nicolae_ru_great_annihilating_truth
D:5:      layout_basic, serial_glass, glass_columns_a, glass_columns_b,
          glass_columns_a, glass_columns_c, glass_columns_a, glass_columns_a,
          glass_columns_b, glass_columns_a, glass_columns_c, glass_columns_a,
          cheibrodos_sewer_entry_sluice, ebering_ghost_inner_flame
D:6:      layout_basic
D:7:      layout_basic, lemuel_coloured_pillars_altar, uniq_prince_ribbit1
D:8:      layout_loops_ring, overflow_temple_1_default, tgw_sif, serial_shops,
          shop
D:9:      layout_gridville, kennysheep_little_box, erik_lair_dragon,
          serial_shops, shop_coins, hangedman_minor_magic
Temple:   jpeg_temple_alley_garden

Skill      XL: |  1  2  3  4  5  6  7  8  9 10 |
---------------+-------------------------------+-----
Polearms       | 5 6 7 8 9 10 | 10.4
Fighting       | 3 4 5 6 7 |  7.6
Throwing       | 3 4 5 6 7 |  7.0
Dodging        | 5 6 7 8 9 |  9.7
Shields        | 2 4 |  4.0
Invocations    | 3 5 |  5.0

Action                   |  1- 3 |  4- 6 |  7- 9 | 10-12 || total
-------------------------+-------+-------+-------+-------++-------
Melee: Trident           |   153 |   282 |   598 |   108 ||  1141
Throw: Boomerang         |       |       |       |     6 ||     6
       Throwing net      |       |       |       |     2 ||     2
Invok: Wall of Briars    |       |       |     3 |       ||     3
  Use: Scroll            |       |     7 |       |       ||     7
       Potion            |       |     3 |     2 |     1 ||     6
 Stab: Sleeping          |     2 |     1 |     4 |       ||     7
       Paralysed         |       |     1 |       |       ||     1
       Distracted        |       |       |     1 |       ||     1
Armor: Leather armour    |    26 |    96 |   104 |     5 ||   231
Dodge: Dodged            |    74 |   238 |   418 |    77 ||   807
Block: Buckler           |       |       |    28 |    31 ||    59

Table legend: (Time is in decaauts)
 A = Elapsed time spent in this place.
 B = Non-inter-level travel time spent in this place.
 C = Inter-level travel time spent in this place.
 D = Time resting spent in this place.
 E = Time spent auto-exploring this place.
 F = Levels seen in this place.
 G = Mean time per level.
                   A        B        C        D        E       F      G
               +--------+--------+--------+--------+--------+-----+--------+
         Total |  11249 |  10922 |    327 |   4677 |   4179 |  11 | 1022.6 |
       Dungeon |  10872 |  10584 |    288 |   4677 |   3948 |   9 | 1208.0 |
        Temple |    115 |     76 |     39 |      0 |     61 |   1 |  115.0 |
         Sewer |    261 |    261 |      0 |      0 |    169 |   1 |  261.0 |
               +--------+--------+--------+--------+--------+-----+--------+

Top non-repeatable levels by time:
     D:7: 1933 daAuts
     D:2: 1451 daAuts
     D:4: 1282 daAuts
     D:9: 1259 daAuts
     D:6: 1203 daAuts
     D:5: 999 daAuts
     D:1: 951 daAuts
     D:3: 940 daAuts
     D:8: 850 daAuts
   Sewer: 261 daAuts
  Temple: 115 daAuts
